AoeStats
← Krislar

Lombardia

509918962Analyzed
3v3 RM · 4d ago on Sep 28, 2026· 94m 36s· 6 players
Game mode
Random Map
Map size
Normal (6 player)
Population
200
Speed
Normal
Resources
Standard
Victory
Conquest
Starting age
Dark Age
Ending age
Imperial Age
RankedLock teamsTeams togetherTeam positionsShared explorationLock speedFull tech treeHidden civsTurbo modeCheats
Victory
Defeat
🇬🇧 Romans · United Kingdom
1388
+16
🇬🇧 Danes · United Kingdom
1387
+16
🇬🇧 Poles · United Kingdom
1377
+17
🇫🇷 Tatars · France
1430
-18
🇹🇼 Burmese · Taiwan
1385
-16
🇨🇭 Ethiopians · Switzerland
1357
-15
飛衫走奶
6:47 Loom
9:23 Feudal Age
14:46 Horse Collar
16:56 Wheelbarrow
18:25 Gold Mining
21:33 Castle Age
19:31 Stone Mining
23:48 Forging
23:44 Scale Barding Armor
24:03 Husbandry
24:46 Bloodlines
23:58 Light Cavalry
27:33 Fletching
27:44 Padded Archer Armor
28:32 Bodkin Arrow
32:08 Manipur Cavalry
33:50 Hand Cart
34:33 Caravan
37:47 Heavy Plow
38:25 Gold Shaft Mining
41:03 Imperial Age
39:26 Iron Casting
39:20 Treadmill Crane
40:00 Ballistics
39:37 Murder Holes
40:04 Chain Barding Armor
41:08 Elite Battle Elephant
41:09 Hussar
42:53 Blast Furnace
42:46 Plate Barding Armor
42:43 Scale Mail Armor
42:44 Bracer
45:17 Conscription
45:40 Howdah
52:31 Elite Arambai
55:50 Siege Engineers
56:57 Chemistry
56:04 Siege Engineers
65:09 Man-at-Arms
65:34 Gambesons
65:50 Squires
65:35 Arson
65:12 Pikeman
66:08 Chain Mail Armor
65:56 Long Swordsman
66:48 Two-Handed Swordsman
68:00 Plate Mail Armor
67:15 Halberdier
74:26 Onager
75:53 Champion
Zaphod
8:11 Loom
10:16 Feudal Age
14:28 Castle Age
12:24 Double-Bit Axe
14:05 Horse Collar
15:12 Fletching
25:49 Wheelbarrow
26:04 Scale Mail Armor
26:29 Gold Mining
27:35 Squires
29:20 Forging
29:40 Bow Saw
29:20 Town Watch
30:55 Chain Mail Armor
32:04 Hand Cart
32:26 Bodkin Arrow
32:59 Crossbowman
33:43 Padded Archer Armor
35:07 Heavy Plow
35:47 Gold Shaft Mining
35:02 Stone Mining
37:00 Ballistics
37:33 Iron Casting
40:10 Imperial Age
38:25 Thumb Ring
38:36 Leather Archer Armor
40:53 Bracer
41:53 Chemistry
40:22 Arbalester
42:42 Two-Man Saw
42:21 Masonry
42:48 Conscription
42:45 Royal Heirs
43:25 Town Patrol
44:16 Plate Mail Armor
44:20 Ring Archer Armor
45:39 Stone Mining
46:28 Plate Mail Armor
46:59 Blast Furnace
49:13 Halberdier
52:35 Caravan
53:05 Coinage
53:47 Blast Furnace
58:29 Architecture
58:05 Siege Engineers
57:41 Elite Shotel Warrior
60:42 Murder Holes
63:53 Torsion Engines
63:20 Heavy Scorpion
64:46 Arson
66:32 Banking
68:07 Capped Ram
69:36 Fortified Wall
69:49 Siege Ram
71:27 Scale Barding Armor
71:36 Guilds
83:35 Onager
91:33 Guard Tower
DH
6:13 Loom
9:19 Feudal Age
10:00 Double-Bit Axe
20:07 Castle Age
18:02 Gold Mining
20:32 Fletching
23:33 Bodkin Arrow
24:22 Padded Archer Armor
28:53 Bow Saw
34:24 Leather Archer Armor
36:49 Bloodlines
39:49 Gold Shaft Mining
40:38 Wheelbarrow
40:56 Stone Mining
45:23 Imperial Age
43:41 Ballistics
46:12 Bracer
47:26 Chemistry
47:37 Conscription
47:19 Husbandry
48:42 Ring Archer Armor
52:10 Elite Keshik
55:31 Scale Barding Armor
55:37 Forging
56:12 Hand Cart
57:06 Chain Barding Armor
57:00 Horse Collar
58:32 Heavy Plow
60:22 Crop Rotation
60:19 Town Watch
61:10 Iron Casting
62:30 Caravan
65:01 Plate Barding Armor
67:12 Light Cavalry
70:11 Blast Furnace
70:08 Hussar
74:14 Town Patrol
74:36 Guard Tower
78:49 Cavalier
85:33 Scale Mail Armor
84:54 Pikeman
87:51 Squires
88:24 Halberdier
89:58 Heavy Camel Rider
89:59 Elite Steppe Lancer
Nozyspy
8:35 Loom
11:02 Feudal Age
15:37 Castle Age
15:38 Double-Bit Axe
16:16 Horse Collar
17:50 Husbandry
20:12 Bloodlines
23:57 Scale Barding Armor
25:34 Chain Barding Armor
26:19 Forging
28:52 Gold Mining
29:16 Bow Saw
34:55 Imperial Age
34:03 Iron Casting
35:22 Heavy Plow
34:56 Cavalier
37:22 Plate Barding Armor
38:32 Conscription
39:02 Gold Shaft Mining
39:48 Wheelbarrow
39:45 Comitatenses
39:57 Masonry
42:14 Hand Cart
44:29 Blast Furnace
43:22 Fletching
44:03 Ballistas
46:00 Bodkin Arrow
48:26 Fortified Wall
49:28 Town Watch
53:35 Crop Rotation
53:08 Town Patrol
53:01 Heavy Scorpion
55:48 Ballistics
56:03 Caravan
57:46 Guilds
57:42 Scale Mail Armor
60:29 Chemistry
61:47 Light Cavalry
71:11 Siege Engineers
72:42 Architecture
74:21 Capped Ram
82:24 Man-at-Arms
83:04 Squires
84:13 Chain Mail Armor
84:19 Long Swordsman
87:17 Legionary
87:50 Siege Ram
Krislar
8:33 Feudal Age
8:02 Loom
8:13 Loom
9:28 Double-Bit Axe
17:41 Town Watch
20:11 Castle Age
18:21 Horse Collar
18:32 Gold Mining
19:01 Bloodlines
20:06 Fletching
21:03 Bodkin Arrow
21:16 Husbandry
21:43 Bow Saw
23:50 Padded Archer Armor
25:20 Ballistics
25:45 Leather Archer Armor
32:52 Imperial Age
34:53 Bracer
36:21 Wheelbarrow
36:29 Cranequins
37:15 Thumb Ring
38:33 Hand Cart
38:53 Ring Archer Armor
38:44 Heavy Plow
39:17 Conscription
40:39 Stone Mining
42:13 Chemistry
40:55 Heavy Mounted Crossbowman
43:04 Scale Mail Armor
46:52 Chain Mail Armor
46:46 Capped Ram
48:18 Plate Mail Armor
48:11 Siege Engineers
47:37 Pikeman
48:17 Squires
48:03 Arson
48:08 Siege Ram
49:40 Forging
49:03 Halberdier
52:00 Iron Casting
56:03 Blast Furnace
55:24 Caravan
56:12 Gold Shaft Mining
55:41 Hamask
57:16 Onager
58:09 Masonry
58:39 Siege Onager
62:41 Siege Onager
66:12 Coinage
66:25 Northmen's Fury
67:41 Hoardings
78:35 Elite Varangian Guard
81:18 Elite Jomsviking
82:05 Gambesons
83:47 Banking
82:42 Heavy Scorpion
squoshmosh
5:11 Loom
10:01 Feudal Age
16:30 Fletching
22:21 Castle Age
20:46 Double-Bit Axe
24:36 Bow Saw
24:17 Horse Collar
26:42 Wheelbarrow
26:17 Heavy Plow
30:34 Crossbowman
35:08 Imperial Age
32:25 Town Watch
36:28 Gold Mining
37:00 Hand Cart
37:00 Bloodlines
36:51 Husbandry
37:17 Conscription
37:52 Szlachta Privileges
40:56 Scale Barding Armor
41:01 Forging
42:30 Chain Barding Armor
43:44 Cavalier
46:20 Iron Casting
46:24 Bodkin Arrow
46:37 Stone Mining
49:55 Town Patrol
50:54 Hoardings
51:35 Caravan
52:35 Stone Shaft Mining
53:02 Blast Furnace
52:03 Bracer
53:31 Masonry
54:24 Chemistry
57:03 Padded Archer Armor
57:42 Ballistics
57:42 Thumb Ring
57:42 Elite Skirmisher
59:24 Bracer
59:43 Siege Engineers
59:19 Treadmill Crane
62:40 Leather Archer Armor
73:49 Elite Obuch
78:30 Scale Mail Armor
78:49 Squires
78:35 Arson
80:32 Chain Mail Armor
82:08 Plate Mail Armor
85:34 Crop Rotation
85:41 Murder Holes
85:56 Fortified Wall
89:13 Guard Tower
89:08 Arrowslits
89:45 Bombard Tower
Connection lost

Rejoining the realm…

Still unreachable

The connection could not be restored.

Session expired

The server has moved on; the page needs a fresh start.